 Dungeon Crawl Stone Soup version 0.21.1-1-g345015fe64 (webtiles) character file.

17455 Lavandula the Cleaver (level 12, 0/85 HPs)
             Began as a Barachi Earth Elementalist on July 27, 2018.
             Was the Champion of Cheibriados.
             Slain by IceCat's ghost (21 damage)
             ... on level 2 of the Orcish Mines.
             The game lasted 00:40:57 (6986 turns).

Lavandula the Cleaver (Barachi Earth Elementalist)  Turns: 6986, Time: 00:40:58

Health: 0/85       AC:  8    Str: 24    XL:     12   Next: 48%
Magic:  7/22       EV: 16    Int: 35    God:    Cheibriados [******]
Gold:   333        SH:  5    Dex: 32    Spells: 3/25 levels left

rFire    . . .     SeeInvis .   Z - +8 battleaxe (flame)
rCold    . . .     Gourm    .   (shield currently unavailable)
rNeg     . . .     Faith    .   Q - +1 troll leather armour
rPois    .         Spirit   .   (no helmet)
rElec    .         Reflect  +   (no cloak)
rCorr    .         Harm     .   D - +2 pair of gloves {Dex+3}
MR       +....                  (no boots)
Stlth    +++.......             s - +5 amulet of reflection
HPRegen  0.64/turn              l - ring of wizardry
MPRegen  0.18/turn              q - ring of protection from magic

@: very slow
A: +LOS, swims, slowness 1, strong legs 1
a: Hop, Bend Time, Temporal Distortion, Slouch, Step From Time, Renounce
Religion


You were on level 2 of the Orcish Mines.
You worshipped Cheibriados.
Cheibriados was exalted by your worship.
You were hungry.

You visited 2 branches of the dungeon, and saw 15 of its levels.

You collected 797 gold pieces.
You spent 464 gold pieces at shops.

Inventory:

Hand Weapons
 f - a +0 dagger
 F - a +3 long sword
 U - the +6 quarterstaff "Umag" {vamp, MP+9 Int+2 Dex+4}
   (You found it on level 9 of the Dungeon)

   It inflicts no extra harm, but heals its wielder when it wounds a living foe.
   It affects your intelligence (+2).
   It affects your dexterity (+4).
   It affects your magic capacity (+9).
 Z - a +8 battleaxe of flaming (weapon)
Missiles
 b - 105 stones (quivered)
 v - 5 javelins
Armour
 B - a +0 ring mail
 D - a +2 pair of gloves of dexterity (worn)
 Q - a +1 troll leather armour (worn)
Magical Staves
 z - an uncursed staff of fire
 P - an uncursed staff of power
Jewellery
 l - a ring of wizardry (left hand)
 q - a ring of protection from magic (right hand)
 s - a +5 amulet of reflection (around neck)
 K - a +3 ring of evasion
 M - an uncursed ring of wizardry
Wands
 k - a wand of flame (29)
 n - a wand of scattershot (1)
 V - a wand of disintegration (13)
 X - a wand of acid (3)
Scrolls
 a - a scroll of fear
 g - 3 scrolls of remove curse
 h - 5 scrolls of teleportation
 i - a scroll of random uselessness
 y - 2 scrolls of immolation
 C - a scroll of fog
 H - 3 scrolls of amnesia
 L - a scroll of blinking
 R - a scroll of summoning
Potions
 m - a potion of flight
 o - 2 potions of agility {unknown}
 r - 2 potions of mutation {unknown}
 t - a potion of lignification {unknown}
 u - 3 potions of heal wounds
 x - 2 potions of curing {unknown}
 G - 2 potions of resistance
 I - a potion of cancellation {unknown}
 J - 2 potions of haste {unknown}
 N - 3 potions of brilliance {unknown}
 O - a potion of berserk rage {unknown}
Books
 e - a book of Geomancy

   Spells                             Type                      Level
   a - Sandblast                      Earth                        1
   b - Passwall                       Transmutation/Earth          2
   c - Stone Arrow                    Conjuration/Earth            3
   d - Petrify                        Transmutation/Earth          4
   e - Lee's Rapid Deconstruction     Earth                        5
 w - a book of Maledictions

   Spells                             Type                      Level
   a - Corona                         Hexes                        1
   b - Ensorcelled Hibernation        Hexes/Ice                    2
   c - Confuse                        Hexes                        3
   d - Tukima's Dance                 Hexes                        3
   e - Dazzling Spray                 Conjuration/Hexes            3
 E - a book of Enchantments

   Spells                             Type                      Level
   a - Cause Fear                     Hexes                        4
   b - Yara's Violent Unravelling     Hexes/Transmutation          5
   c - Silence                        Hexes/Air                    5
   d - Deflect Missiles               Charms/Air                   6
   e - Discord                        Hexes                        8
Miscellaneous
 j - a phial of floods (inert)
Comestibles
 d - 19 rations


   Skills:
 - Level 4.8 Fighting
 - Level 3.1 Long Blades
 - Level 13.6 Axes
 - Level 4.2 Dodging
 + Level 2.3 Stealth
 - Level 7.1 Spellcasting
 - Level 5.0 Hexes
 - Level 4.4 Charms
 - Level 1.1 Transmutations
 - Level 7.2 Air Magic
 - Level 6.0 Earth Magic
 - Level 4.3 Invocations
 - Level 4.4 Evocations


You had 3 spell levels left.
You knew the following spells:

 Your Spells              Type           Power        Failure   Level  Hunger
a - Sandblast             Erth           ######       1%          1    None
b - Stone Arrow           Conj/Erth      ####..       1%          3    None
c - Petrify               Tmut/Erth      #####...     3%          4    #......
d - Lee's Rapid Deconstr  Erth           ######....   3%          5    ####...
e - Dazzling Spray        Conj/Hex       ####..       1%          3    None
f - Deflect Missiles      Chrm/Air       ######....   21%         6    ######.


Dungeon Overview and Level Annotations

Branches:
Dungeon (13/15)            Temple (0/1) D:6            Lair (0/6) D:9
    Orc (2/2) D:11            Elf (0/3) Orc:2
 Vaults: D:13-14

Altars:
Ashenzari
Cheibriados
Elyvilon
Fedhas
Gozag
Makhleb
Nemelex Xobeh
Okawaru
Sif Muna
Trog
Uskayaw
Vehumet
Wu Jian
Xom
Yredelemnul
Zin
Beogh

Shops:
D:5 :[[*[   D:6 (   D:9 (   Orc:2 *

Portals:
Volcano: Orc:2

Annotations:
D:2 Robin
D:3 Sephro's ghost, amateur DsGl
D:8 exclusion: statue
Orc:2 IceCat's ghost, journeyman GrBe


Innate Abilities, Weirdness & Mutations

Shadows flee at your approach. (+LOS)
You can swim through water.
You cover ground slowly.
You can hop short distances.


Message History

You hear a shout! x3
IceCat's ghost hits you!
* * * LOW HITPOINT WARNING * * *
IceCat's ghost burns you.
* * * LOW HITPOINT WARNING * * *
You hear a shout!
Evoke which item? (* to show all) (? for menu, Esc to quit)
Aiming: Corrosive Bolt
Press: ? - help, Shift-Dir - straight line The bolt of acid hits IceCat's ghost.
IceCat's ghost appears unharmed.
IceCat's ghost is almost destroyed.
You block IceCat's ghost's attack.
Unknown command.
Evoke which item? (* to show all) (? for menu, Esc to quit)
Aiming: Corrosive Bolt
Press: ? - help, Shift-Dir - straight line The bolt of acid hits IceCat's ghost.
IceCat's ghost appears unharmed.
IceCat's ghost is almost destroyed.
IceCat's ghost hits you!!
You die...

#.# #.# #.# #.# #.#
#.# #.# #.# #@# 8..o8
##W# .#..##
.....###..#
......##'''##....###
.#.................##
..... .8.8.........#
....####....##.#.#.##
.....##......#......##
.$....#..........#>..#


You could see IceCat's ghost.

Vanquished Creatures
  Snorg (Orc:1)
  3 two-headed ogres
  A death yak (D:9)
  An orc high priest (Orc:2)
  A skeletal warrior (D:12)
  2 unseen horrors
  A manticore (D:11)
  A deep elf mage (D:12)
  An orc sorcerer (Orc:2)
  A faun (Orc:2)
  2 ugly things (D:12)
  4 trolls
  A hornet (D:12)
  2 hippogriffs
  4 hogs (D:11)
  Sigmund (D:2)
  A human (D:11)
  4 vampire mosquitoes (D:12)
  Menkaure (D:4)
  4 wargs
  A soldier ant (D:11)
  Duvessa (D:6)
  A black bear (D:10)
  9 ogres
  3 ice beasts
  12 orc warriors
  2 phantoms
  3 centaurs
  A crocodile (D:10)
  Blork the orc (D:4)
  3 bullfrogs
  Dowan (D:6)
  16 killer bees
  5 wights (D:6)
  5 howler monkeys
  6 crimson imps
  A quasit (D:10)
  12 orc priests
  A centaur zombie (D:9)
  3 jellies
  A bullfrog zombie (D:10)
  A bullfrog skeleton (D:6)
  4 hounds
  4 iguanas
  14 orc wizards
  Ijyb (D:4)
  7 worker ants
  2 worker ant zombies
  8 adders
  3 shadow imps (D:9)
  7 leopard geckos
  54 orcs
  A ball python (D:3)
  4 bats (D:1)
  4 giant cockroaches
  5 hobgoblins
  14 jackals
  A kobold (D:1)
  3 quokkas
  A ball python zombie (D:5)
  2 frilled lizards
  9 goblins
  A leopard gecko skeleton (D:4)
  3 rats
278 creatures vanquished.

Vanquished Creatures (collateral kills)
  A cyclops (Orc:2)
  An orc priest (Orc:2)
2 creatures vanquished.

Grand Total: 280 creatures vanquished

Notes
Turn   | Place    | Note
-------+----------+-------------------------------------------
     0 | D:1      | Lavandula the Barachi Earth Elementalist began the quest for the Orb.
     0 | D:1      | Reached XP level 1. HP: 13/13 MP: 3/3
   119 | D:1      | Reached XP level 2. HP: 19/19 MP: 2/5
   365 | D:1      | Reached XP level 3. HP: 16/24 MP: 6/8
   370 | D:1      | Learned a level 3 spell: Stone Arrow
   409 | D:2      | Found a snail-covered altar of Cheibriados.
   419 | D:2      | Became a worshipper of Cheibriados the Contemplative
   444 | D:3      | Noticed Sephro's ghost (amateur DsGl)
   480 | D:2      | Noticed Sigmund
   487 | D:2      | Killed Sigmund
   487 | D:2      | Reached skill level 5 in Spellcasting
   487 | D:2      | Reached XP level 4. HP: 30/30 MP: 1/11
   487 | D:2      | Reached XP level 5. HP: 35/35 MP: 1/13
   493 | D:2      | Learned a level 4 spell: Petrify
   499 | D:2      | Learned a level 5 spell: Lee's Rapid Deconstruction
   643 | D:3      | Found a deep blue altar of Sif Muna.
   755 | D:2      | Noticed Robin
   843 | D:2      | Reached * piety under Cheibriados
   844 | D:2      | Reached XP level 6. HP: 21/41 MP: 11/14
   849 | D:2      | You fall through a shaft for 2 floors!
   937 | D:4      | Reached skill level 5 in Earth Magic
   957 | D:4      | Noticed Ijyb
   960 | D:4      | Noticed Menkaure
   962 | D:4      | Killed Ijyb
   972 | D:4      | Killed Menkaure
   972 | D:4      | Reached XP level 7. HP: 34/46 MP: 1/15
  1095 | D:4      | Noticed Blork the orc
  1098 | D:4      | Killed Blork the orc
  1349 | D:3      | Reached ** piety under Cheibriados
  1363 | D:3      | Found a bloodstained altar of Trog.
  1461 | D:5      | Entered Level 5 of the Dungeon
  1483 | D:5      | Found Eriate's Armour Boutique.
  1504 | D:5      | Learned a level 3 spell: Dazzling Spray
  1530 | D:5      | Found Lechipot's General Store.
  1631 | D:5      | Reached XP level 8. HP: 41/61 MP: 6/16
  1699 | D:5      | Found Deseo's Book Emporium.
  1822 | D:5      | Reached skill level 1 in Invocations
  1843 | D:5      | Found Cebed's Armour Emporium.
  2197 | D:5      | Found Beovaas's Antique Armour Shoppe.
  2215 | D:5      | Bought a pair of embroidered gloves for 217 gold pieces
  2327 | D:6      | Found a staircase to the Ecumenical Temple.
  2373 | D:6      | Found an opulent altar of Gozag.
  2373 | D:6      | Found a sparkling altar of Nemelex Xobeh.
  2599 | D:6      | Reached skill level 1 in Long Blades
  2683 | D:7      | Found a blossoming altar of Fedhas.
  2689 | D:7      | Reached *** piety under Cheibriados
  2705 | D:6      | Found Jari's Antique Weapon Boutique.
  2764 | D:7      | Reached XP level 9. HP: 63/67 MP: 5/18
  2963 | D:6      | Noticed Duvessa
  2963 | D:6      | Noticed Dowan
  2970 | D:6      | Killed Dowan
  2970 | D:6      | Killed Duvessa
  3037 | D:6      | Learned a level 6 spell: Deflect Missiles
  3190 | D:7      | Found a shattered altar of Ashenzari.
  3222 | D:7      | Reached skill level 1 in Hexes
  3263 | D:7      | Found a hide-covered altar of Uskayaw.
  3265 | D:7      | Found a glowing silver altar of Zin.
  3268 | D:7      | Found an iron altar of Okawaru.
  3268 | D:7      | Found a shimmering altar of Xom.
  3390 | D:7      | Found a burning altar of Makhleb.
  3425 | D:7      | Found a basalt altar of Yredelemnul.
  3479 | D:7      | Found a white marble altar of Elyvilon.
  3790 | D:8      | Noticed a two-headed ogre
  3795 | D:8      | Killed a two-headed ogre
  3795 | D:8      | Reached skill level 5 in Air Magic
  3830 | D:8      | Reached **** piety under Cheibriados
  4044 | D:8      | Found a radiant altar of Vehumet.
  4077 | D:9      | Found Paaloukh's Weapon Emporium.
  4084 | D:9      | Noticed a death yak
  4085 | D:9      | Found a staircase to the Lair.
  4086 | D:9      | Noticed a death yak
  4098 | D:10     | Entered Level 10 of the Dungeon
  4128 | D:10     | Reached XP level 10. HP: 71/73 MP: 12/20
  4250 | D:10     | Paralysed by miscasting Deflect Missiles for 2 turns
  4270 | D:10     | Reached skill level 5 in Hexes
  4314 | D:10     | Reached skill level 1 in Charms
  4364 | D:10     | Killed an unseen horror
  4525 | D:9      | Found an ornate altar of the Wu Jian Council.
  4551 | D:10     | Reached ***** piety under Cheibriados
  4551 | D:10     | Reached skill level 1 in Evocations
  4596 | D:9      | Got a smoking quarterstaff
  4628 | D:9      | Noticed a death yak
  4652 | D:9      | Identified the +6 quarterstaff "Umag" {vamp, MP+9 Int+2 Dex+4} (You found it on level 9 of the Dungeon)
  4668 | D:9      | Noticed a death yak
  4674 | D:9      | Killed a death yak
  4676 | D:9      | Noticed a death yak
  4765 | D:6      | Bought a runed battleaxe for 247 gold pieces
  4818 | D:9      | Reached skill level 1 in Axes
  4982 | D:11     | Noticed a manticore
  4985 | D:11     | Killed a manticore
  4985 | D:11     | Reached skill level 3 in Axes
  5103 | D:11     | Reached skill level 4 in Axes
  5129 | D:11     | Noticed a two-headed ogre
  5138 | D:11     | Killed a two-headed ogre
  5138 | D:11     | Reached skill level 6 in Axes
  5138 | D:11     | Reached XP level 11. HP: 74/78 MP: 5/21
  5341 | D:11     | Reached skill level 7 in Axes
  5551 | D:12     | Noticed a brown ugly thing
  5558 | D:12     | Killed a brown ugly thing
  5558 | D:12     | Reached skill level 8 in Axes
  5566 | D:12     | Noticed a deep elf mage
  5572 | D:12     | Killed a deep elf mage
  5616 | D:12     | Reached skill level 9 in Axes
  5734 | D:12     | Noticed a brown ugly thing
  5743 | D:12     | Killed a brown ugly thing
  5749 | D:12     | Noticed a two-headed ogre
  5762 | D:12     | Killed a two-headed ogre
  5762 | D:12     | Reached skill level 10 in Axes
  5885 | D:13     | Noticed a skeletal warrior
  5885 | D:13     | Noticed a skeletal warrior
  5885 | D:13     | Noticed a skeletal warrior
  5895 | D:12     | Killed a skeletal warrior
  6353 | D:12     | Killed an unseen horror
  6353 | D:12     | Reached skill level 11 in Axes
  6577 | D:11     | Found a staircase to the Orcish Mines.
  6586 | Orc:1    | Entered Level 1 of the Orcish Mines
  6648 | Orc:1    | Noticed Snorg
  6661 | Orc:1    | Killed Snorg
  6661 | Orc:1    | Reached skill level 12 in Axes
  6661 | Orc:1    | Reached XP level 12. HP: 83/85 MP: 4/22
  6663 | Orc:2    | Entered Level 2 of the Orcish Mines
  6663 | Orc:2    | Found Yzxiet's General Store.
  6673 | Orc:2    | Noticed an orc high priest
  6675 | Orc:2    | Reached ****** piety under Cheibriados
  6677 | Orc:2    | Killed an orc high priest
  6681 | Orc:2    | Found a roughly hewn altar of Beogh.
  6683 | Orc:2    | Paralysed by an orc sorcerer for 6 turns
  6766 | Orc:2    | Reached skill level 13 in Axes
  6815 | Orc:2    | Found a staircase to the Elven Halls.
  6876 | Orc:2    | Found a dark tunnel.
  6918 | Orc:2    | Found a roughly hewn altar of Beogh.
  6960 | Orc:2    | Noticed IceCat's ghost (journeyman GrBe)
  6986 | Orc:2    | Slain by IceCat's ghost

Skill      XL: |  1  2  3  4  5  6  7  8  9 10 11 12 |
---------------+-------------------------------------+-----
Spellcasting   | 3 5 6 7 |  7.1
Earth Magic    | 6 |  6.0
Fighting       | 4 |  4.8
Dodging        | 3 4 |  4.2
Invocations    | 4 |  4.3
Long Blades    | 3 |  3.1
Air Magic      | 6 7 |  7.2
Hexes          | 3 5 |  5.0
Charms         | 4 |  4.4
Evocations     | 4 |  4.4
Axes           | 6 12 13 | 13.6
Stealth        | 2 |  2.3
Transmutations | |  1.1

Action                   |  1- 3 |  4- 6 |  7- 9 | 10-12 || total
-------------------------+-------+-------+-------+-------++-------
Melee: Dagger            |    12 |     2 |       |       ||    14
       Falchion          |       |       |     7 |       ||     7
       Long sword        |       |       |    20 |    22 ||    42
       Battleaxe         |       |       |       |    93 ||    93
       Quarterstaff      |       |       |       |     2 ||     2
 Cast: Sandblast         |    34 |    48 |    95 |   136 ||   313
       Stone Arrow       |     2 |     2 |    43 |    19 ||    66
       Lee's Rapid Decon |       |       |     3 |    27 ||    30
       Deflect Missiles  |       |       |       |     1 ||     1
Invok: Slouch            |       |       |       |     2 ||     2
 Abil: Hop               |     2 |     2 |     1 |     6 ||    11
Evoke: Wand              |       |       |     2 |    19 ||    21
       Phial of floods   |       |       |       |     1 ||     1
  Use: Scroll            |       |     5 |     6 |    11 ||    22
       Potion            |       |     1 |       |     1 ||     2
 Stab: Sleeping          |       |       |       |     2 ||     2
  Eat: Chunk             |       |     1 |     6 |     7 ||    14
       Ration            |       |       |       |     3 ||     3
Armor: Robe              |     5 |     4 |     5 |    10 ||    24
       Ring mail         |       |       |       |    21 ||    21
       Troll leather arm |       |       |       |    10 ||    10
Dodge: Dodged            |    28 |     5 |    45 |   148 ||   226
       Deflected         |       |       |       |     4 ||     4
Block: Other             |       |       |    12 |    51 ||    63
       Reflection        |       |       |     1 |     1 ||     2
       Rpst.: Falchion   |       |       |     2 |       ||     2
       Long sword        |       |       |     7 |    11 ||    18
